 Dungeon Crawl Stone Soup version 0.30.0-29-ga12c61a403 (webtiles) character file.

Game seed: 15380438780511768892

12683 hawla the Thaumaturge (level 12, -5/91 HPs)
             Began as a Meteoran Fire Elementalist on June 4, 2023.
             Slain by a yak (8 damage)
             ... on level 4 of the Lair of Beasts on June 5, 2023.
             The game lasted 00:28:45 (6052 turns).

hawla the Thaumaturge (Meteoran Fire Elementalist)  Turns: 6052, Time: 00:28:46

Health: -5/91      AC:  7    Str:  9    XL:     12   Next: 53%
Magic:  3/30       EV: 15    Int: 23    God:
Gold:   412        SH:  0    Dex: 17    Spells: 31/38 levels left

rFire   . . .        w - +0 demon whip (venom)
rCold   . . .        (no shield)
rNeg    + . .        u - +0 robe "Afuagg" {rElec rN+ Dex+2}
rPois   .            v - +2 hat
rElec   +            q - +2 cloak
rCorr   .            (no gloves)
SInv    .            (no boots)
Will    +....        (no amulet)
Stlth   +            (no ring)
HPRegen 0.35/turn    (no ring)
MPRegen 0.22/turn

%: no passive effects
@: flying, hasted, glowing, very quick
A: sense surroundings 2, otherworldly, glowing, explore regen
a: no special abilities


You were on level 4 of the Lair of Beasts.
You visited 3 branches of the dungeon, and saw 14 of its levels.
You also visited: Sewer.

You collected 412 gold pieces.

Inventory:

Hand Weapons
 h - a +0 lajatang
 s - a +2 heavy flail
 w - a +0 demon whip of venom (weapon)
Armour
 q - a +2 cloak (worn)
 u - the +0 robe "Afuagg" (worn) {rElec rN+ Dex+2}
   (You found it on level 6 of the Dungeon)

   Dex:       It affects your dexterity (+2).
   rElec:     It insulates you from electricity.
   rN:        It protects you from negative energy.
 v - a +2 hat (worn)
Wands
 f - a wand of quicksilver (16)
 l - a wand of iceblast (1)
 m - a wand of mindburst (26) (quivered)
 x - a wand of polymorph (6)
 y - a wand of charming (11)
Scrolls
 d - 2 scrolls of enchant armour
 e - a scroll of fog
 p - 3 scrolls of amnesia
 B - a scroll of poison
 C - 2 scrolls of identify
Potions
 a - a potion of haste
 b - 2 potions of magic
 c - 2 potions of cancellation
 g - 5 potions of attraction
 i - a potion of resistance
 k - a potion of flight
 o - 2 potions of heal wounds {unknown}
 r - 2 potions of brilliance {unknown}
 t - a potion of might {unknown}
 A - a potion of ambrosia {unknown}


   Skills:
 + Level 3.6 Fighting
 + Level 4.7 Maces & Flails
 + Level 5.9 Dodging
 - Level 1.4 Stealth
 + Level 13.6 Spellcasting
 + Level 8.3 Conjurations
 + Level 13.4 Fire Magic
 + Level 4.0 Evocations


You had 31 spell levels left.
You knew the following spells:

 Your Spells              Type           Power      Damage    Failure   Level
a - Foxfire               Conj/Fire      100%       2x1d9     1%          1
b - Scorch                Fire           100%       2d9       1%          2
c - Flame Wave            Conj/Fire      60%        2d14      1%          4

Your spell library contained the following spells:

 Spells                   Type           Power      Damage    Failure   Level
 Dazzling Flash           Conj/Hex       68%        N/A       1%          3
 Inner Flame              Hex/Fire       46%        N/A       1%          3
 Volatile Blastmotes      Fire/Tloc      92%        2d17      1%          3
 Beastly Appendage        Tmut           30%        N/A       3%          1
 Wereblood                Tmut           15%        N/A       6%          2
 Fulminant Prism          Conj/Hex       17%        3d10      7%          4
 Iskenderun's Mystic Bla  Conj/Tloc      34%        2d8       7%          4
 Spider Form              Tmut/Pois      15%        N/A       12%         3
 Agony                    Necr           15%        N/A       71%         5
 Lee's Rapid Deconstruct  Erth           7%         3d7*      71%         5
 Silence                  Hex/Air        7%         N/A       71%         5


Dungeon Overview and Level Annotations

Branches:
Dungeon (9/15) Zot: 1205   Temple (1/1) D:7 Zot: 559    Lair (4/5) D:9 Zot: 957
  Swamp (0/4) Lair:3       Spider (0/4) Lair:2        Sewer (visited)
  Slime: Lair:4-5       Orc: D:9-12

Altars:
Ashenzari
Cheibriados
Elyvilon
Fedhas
Hepliaklqana
Kikubaaqudgha
Makhleb
Okawaru
Sif Muna
Wu Jian
Xom
Yredelemnul
Zin

Shops:
D:3 ?

Annotations:
Lair:3 Josephine


Innate Abilities, Weirdness & Mutations

You passively map the area around you.
You are easily found by Zot.
You glow in the dark.
You regain HP and MP as you explore.


Message History

A wave of flame ripples out!
The flame wave engulfs the yak!!
You kill the yak!
A yak comes into view.
A wave of flame ripples out!
The flame wave engulfs the yak!!
The yak is heavily wounded.
The flame wave engulfs the yak!!
The yak is heavily wounded.
You finish channelling waves of flame.
A yak comes into view.
Unknown command.
The yak gores you.
You climb upwards.
Level annotation: Josephine
There is a stone staircase leading down here.
Casting: Flame Wave (safe; 1% risk of failure)
Confirm with . or Enter, or press ? or * to list all spells.
You conjure some foxfire!
The yak gores you!
The foxfire hits the yak!
The yak is severely wounded.
The foxfire hits the yak!
The yak is almost dead.
The yak gores you but does no damage.
You climb downwards.
The yak gores you. The yak barely misses you. The yak gores you!
* * * LOW HITPOINT WARNING * * *
There is a stone staircase leading up, spattered with blood here.
Okay, then.
It was a potion of flight.
You feel very buoyant.
You fly up into the air.
The yak gores you.
* * * LOW HITPOINT WARNING * * *
The yak barely misses you. The yak completely misses you.
The yak barely misses you. The yak gores you!
* * * LOW HITPOINT WARNING * * *
You feel yourself speed up. The yak gores you.
* * * LOW HITPOINT WARNING * * *
The yak gores you.
* * * LOW HITPOINT WARNING * * *
The yak gores you!
You die...

* ,* * *
####P..P..#*
^,,
#.......... *
, #..........
##..........
*
#..?........
#...........,
,
#YYY.......,*
,* ,
#.@Y....... *
, ##Y..#...##
, ##.#.# #.#
* ##### *


You could see 5 yaks.

Vanquished Creatures
  Amaemon (Lair:1)
  A black mamba (Lair:2)
  10 cane toads
  A rime drake (Lair:2)
  An orange demon (Lair:1)
  3 komodo dragons
  Sigmund (D:5)
  13 yaks
  2 wyverns
  Eustachio (D:6)
  2 wraiths (Lair:3)
  A basilisk (Lair:2)
  A redback (Lair:2)
  A steam dragon (D:6)
  Menkaure (D:6)
  Edmund (D:5)
  4 water moccasins
  2 orc warriors
  3 sky beasts
  A black bear (D:6)
  An ice beast (D:6)
  3 centaurs
  2 phantoms
  3 kobold brigands
  9 bullfrogs
  4 scorpions
  4 wights (D:7)
  7 killer bees (D:8)
  5 howler monkeys
  4 jellies
  7 hounds
  4 orc priests
  Crazy Yiuf (D:5)
  Jessica (D:2)
  A sleepcap (D:6)
  3 iguanas (D:6)
  10 orc wizards
  12 adders
  3 river rats (Sewer)
  A white imp (D:5)
  3 ufetubi
  A worm (D:4)
  2 dart slugs (D:5)
  32 orcs
  5 ball pythons
  6 endoplasms
  5 giant cockroaches
  2 hobgoblins
  6 jackals
  2 quokkas
  2 bats
  3 frilled lizards
  A goblin (D:4)
  9 kobolds
  9 rats
224 creatures vanquished.

Vanquished Creatures (collateral kills)
  10 foxfires
10 creatures vanquished.

Vanquished Creatures (others)
  A giant cockroach (D:2)
  298 foxfires
299 creatures vanquished.

Grand Total: 533 creatures vanquished

Notes
Turn   | Place    | Note
-------+----------+-------------------------------------------
     0 | D:1      | hawla the Meteoran Fire Elementalist began the quest for
                  | the Orb.
     0 | D:1      | Reached XP level 1. HP: 14/14 MP: 5/5
    60 | D:2      | Reached XP level 2. HP: 20/20 MP: 3/6
    72 | D:2      | Reached XP level 3. HP: 26/26 MP: 3/8
   215 | D:2      | Reached XP level 4. HP: 28/33 MP: 2/9
   222 | D:2      | Noticed Jessica
   229 | D:2      | Killed Jessica
   230 | D:2      | Reached skill level 5 in Fire Magic
   366 | D:2      | Reached XP level 5. HP: 38/38 MP: 9/11
   369 | D:2      | Learned a level 2 spell: Scorch
   405 | D:2      | Learned a level 4 spell: Flame Wave
   427 | D:3      | Found Xint's Magic Scroll Shoppe.
   499 | D:4      | Reached XP level 6. HP: 14/45 MP: 0/12
   635 | D:4      | Reached skill level 5 in Conjurations
   677 | D:4      | Reached skill level 1 in Evocations
   718 | D:4      | Reached XP level 7. HP: 44/50 MP: 6/13
  1121 | D:5      | Entered Level 5 of the Dungeon
  1121 | D:5      | Noticed Edmund
  1121 | D:5      | Noticed a water moccasin
  1128 | D:4      | Killed a water moccasin
  1207 | D:5      | Found a glowing drain.
  1228 | Sewer    | Entered a sewer
  1253 | Sewer    | Reached XP level 8. HP: 35/58 MP: 6/16
  1345 | Sewer    | Reached skill level 5 in Spellcasting
  1634 | Sewer    | Glimpsed the power of Zot.
  1689 | D:5      | Noticed Sigmund
  1695 | D:5      | Killed Sigmund
  1759 | D:5      | Gained mutation: You passively map the area around you.
                  | [Meteoran growth]
  1759 | D:5      | Reached XP level 9. HP: 60/63 MP: 9/19
  1799 | D:5      | Killed Edmund
  1926 | D:5      | Reached skill level 1 in Fighting
  2141 | D:5      | Found a runed translucent door.
  2144 | D:5      | Noticed Crazy Yiuf
  2155 | D:5      | Killed Crazy Yiuf
  2521 | D:6      | Noticed Eustachio
  2526 | D:6      | Killed Eustachio
  2677 | D:6      | Noticed Menkaure
  2679 | D:6      | Killed Menkaure
  2744 | D:6      | Identified the +0 robe "Afuagg" {rElec rN+ Dex+2}
  2811 | D:6      | Reached XP level 10. HP: 71/71 MP: 19/23
  3104 | D:7      | Reached skill level 10 in Fire Magic
  3160 | D:7      | Reached skill level 1 in Maces & Flails
  3169 | D:7      | Found a basalt altar of Yredelemnul.
  3244 | D:7      | Reached skill level 10 in Spellcasting
  3284 | D:7      | Found a staircase to the Ecumenical Temple.
  3383 | D:7      | Found an ancient bone altar of Kikubaaqudgha.
  3618 | Temple   | Entered the Ecumenical Temple
  4599 | D:9      | Found a staircase to the Lair.
  4621 | Lair:1   | Entered Level 1 of the Lair of Beasts
  4639 | Lair:1   | Noticed a cane toad
  4647 | Lair:1   | Killed a cane toad
  4648 | Lair:1   | Reached XP level 11. HP: 66/80 MP: 18/26
  4651 | Lair:1   | Noticed Amaemon
  4660 | Lair:1   | Killed Amaemon
  4661 | Lair:1   | Reached skill level 5 in Dodging
  4822 | Lair:2   | Noticed a black mamba
  4828 | Lair:2   | Killed a black mamba
  4838 | Lair:2   | Found a glowing silver altar of Zin.
  5140 | Lair:2   | Found a hole to the Spider Nest.
  5410 | Lair:2   | Reached XP level 12. HP: 89/89 MP: 25/29
  5698 | Lair:3   | Identified the +1 ring mail of the Equator {Rampage rF+
                  | Int+4 Dex-4}
  5941 | Lair:3   | Noticed Josephine
  6052 | Lair:4   | HP: 3/91 [yak (5)]
  6052 | Lair:4   | Slain by a yak

Illustrated notes

Levels and vault maps discovered:
D:1:      wander_arrival_chamber, layout_loops_cross,
          shapermc_ecumenical_altar_starsandcircs
D:2:      layout_loops_ring, uniq_jessica
D:3:      layout_rooms, serial_shops, nicolae_shop_waterfront,
          gammafunk_ghost_stat_death
D:4:      layout_loops_ring
D:5:      layout_rooms, portal_sewer_entry_a, serial_aquarium,
          aquarium_bridge_straight [aquarium_subvault_bridge,
          aquarium_subvault_window, aquarium_subvault_bridge,
          aquarium_subvault_wall], aquarium_bridge_long_separate
          [aquarium_subvault_wall, aquarium_subvault_wall,
          aquarium_subvault_bridge, aquarium_subvault_bridge,
          aquarium_subvault_bridge, aquarium_subvault_wall], aquarium_window_3,
          aquarium_window_1, aquarium_view_2d, aquarium_pool_corner,
          uniq_crazy_yiuf_cottage, uniq_edmund, uniq_sigmund
D:6:      layout_loops_ring, minmay_misc_feat_four_crosses, uniq_eustachio,
          uniq_menkaure
D:7:      layout_cave_pools, kiku_gazebo_pond_becter,
          mainiacjoe_overflow_cross_hatched, minmay_temple_entry_sparse_star,
          kennysheep_flooded_box
D:8:      layout_layer_cave, serial_rivers, chequers_serial_rivers_marsh,
          chequers_serial_rivers_micro_e, chequers_serial_rivers_micro_c,
          chequers_serial_rivers_small_b
D:9:      layout_gridville, grunt_temple_overflow_opulence,
          nicolae_vehumet_altar_sigil, lair_entry_dummy, serial_shops, shop,
          serial_bayou_ford_a
Temple:   hellmonk_temple_of_storms
Lair:1:   layout_gridlike, uniq_amaemon
Lair:2:   layout_layer_cave, spider_nest_entry_rubble, basic_altar,
          gauntlet_entry_generic, beast_lair_carwin_2
Lair:3:   layout_loops_ring, swamp_mist_pool, minivault_19, uniq_josephine
Lair:4:   layout_roguey, basic_altar, st_stairs_8, lemuel_fruit_fields

Skill      XL: |  1  2  3  4  5  6  7  8  9 10 11 12 |
---------------+-------------------------------------+-----
Fire Magic     | 4 5 6 7 9 11 12 13 | 13.4
Spellcasting   | 3 4 6 8 10 12 13 | 13.6
Conjurations   | 3 5 6 7 8 |  8.3
Evocations     | 2 3 4 |  4.0
Dodging        | 3 4 5 |  5.9
Fighting       | 1 2 3 |  3.6
Maces & Flails | 4 |  4.7
Stealth        | |  1.4

Action                     |  1- 3 |  4- 6 |  7- 9 | 10-12 || total
---------------------------+-------+-------+-------+-------++-------
  Melee: Unarmed           |     8 |    15 |       |       ||    23
         Punch             |       |     1 |       |     1 ||     2
         Club              |       |       |     9 |       ||     9
         Flail             |       |       |     2 |    39 ||    41
         Demon whip        |       |       |       |     1 ||     1
   Cast: Foxfire           |    15 |    36 |    73 |    54 ||   178
         Scorch            |       |    12 |    60 |    61 ||   133
         Flame Wave        |       |     3 |    13 |    37 ||    53
  Evoke: Wand              |       |       |       |    10 ||    10
    Use: Scroll            |       |       |    12 |    10 ||    22
         Potion            |       |       |       |    10 ||    10
 Armour: Robe              |     4 |     4 |    17 |    47 ||    72
  Dodge: Dodged            |    18 |    27 |    34 |   101 ||   180
